 Dungeon Crawl Stone Soup version 0.26-a0-639-g72c4674329 (webtiles) character file.

Game seed: 5013823397822415270

833 Flugslaktarn the Skirmisher (level 7, -2/64 HPs)
             Began as a Minotaur Fighter on Sept 18, 2020.
             Was an Initiate of Makhleb.
             Slain by a hornet (12 damage)
             ... on level 6 of the Dungeon.
             The game lasted 00:02:00 (3205 turns).

Flugslaktarn the Skirmisher (Minotaur Fighter)      Turns: 3205, Time: 00:02:00

Health: -2/64      AC:  9    Str: 21    XL:     7   Next: 66%
Magic:  7/7        EV:  7    Int:  6    God:    Makhleb [......]
Gold:   146        SH: 10    Dex: 10    Spells: 6/6 levels left

rFire    . . .     SeeInvis .   a - +1 war axe
rCold    . . .     Faith    .   c - +0 kite shield
rNeg     . . .     Spirit   .   b - +0 scale mail
rPois    .         Reflect  .   (helmet restricted)
rElec    .         Harm     .   n - +0 cloak
rCorr    .         Rampage  .   (no gloves)
MR       .....     Rnd*Tele +   o - +0 pair of boots
Stlth    ..........             (no amulet)
HPRegen  0.20/turn              i - ring of teleportation (curse)
MPRegen  0.10/turn              (no ring)

@: slowed, very slow
A: retaliatory headbutt, horns 2
a: Renounce Religion


You were on level 6 of the Dungeon.
You worshipped Makhleb.
Makhleb was noncommittal.
You visited 2 branches of the dungeon, and saw 7 of its levels.

You collected 251 gold pieces.
You spent 105 gold pieces at shops.

Inventory:

Hand Weapons
 a - a +1 war axe (weapon)
Missiles
 l - a throwing net (quivered)
Armour
 b - a +0 scale mail (worn)
 c - a +0 kite shield (worn)
 n - a +0 cloak (worn)
   (You found it on level 3 of the Dungeon)
 o - a +0 pair of boots (worn)
   (You found it on level 4 of the Dungeon)
Jewellery
 i - a cursed ring of teleportation (left hand)
   (You found it on level 1 of the Dungeon)
Scrolls
 e - 2 scrolls of enchant weapon
 h - a scroll of enchant armour
 r - a scroll of identify
 t - a scroll of teleportation
 x - a scroll of remove curse
Potions
 d - a potion of might
 f - 2 potions of heal wounds {unknown}
 g - a potion of brilliance {unknown}
 j - a potion of magic {unknown}
 k - a potion of mutation
 m - a potion of flight {unknown}
 q - 2 potions of curing


   Skills:
 * Level 6.8 Fighting
 * Level 6.4 Axes
 + Level 5.3 Armour
 + Level 5.4 Shields
 + Level 1.7 Invocations


You had 6 spell levels left.
You didn't know any spells.
Your spell library was empty.

Dungeon Overview and Level Annotations

Branches:
Dungeon (6/15)             Temple (1/1) D:4

Altars:
Ashenzari
Cheibriados
Dithmenos
Gozag
Hepliaklqana
Kikubaaqudgha
Makhleb
Nemelex Xobeh
Okawaru
Qazlal
Ru
Sif Muna
Trog
Uskayaw
Vehumet
Wu Jian
Xom
Yredelemnul
The Shining One

Shops:
D:4 ![?:

Annotations:
D:5 3 runed translucent doors, p0werm0de's ghost, novice MiFi


Innate Abilities, Weirdness & Mutations

You reflexively headbutt those who attack you in melee.
You have a pair of horns on your head.


Message History

You feel as though you will be slow longer.
You block the orc's attack.
Things that are here:
a +3 dagger of electrocution; an orc corpse
* * * LOW HITPOINT WARNING * * *
You feel sick.
The hornet stings you but does no damage.
You block the orc's attack. The hornet barely misses you.
You see here 13 stones.
* * * LOW HITPOINT WARNING * * *
You feel sick.
The orc throws a boomerang.
The boomerang hits you but does no damage.
The weapon returns to the orc!
The orc barely misses you. The hornet barely misses you.
Okay, then.
You feel better. The hornet completely misses you.
The orc hits you with a cursed +0 club.
* * * LOW HITPOINT WARNING * * *
The hornet stings you!
You die...

### ###...... ...#
##........
#..###..#......
#...#........?
#.............
#............? ##
#...........
#.##.###.o..)..$##
#.......@yo......#
...###.##o...J......
#<.####.........
#....##.........
..#..#..........
...##.##.........
...## ............
.... #..........
....# ....


You could see a hornet, a jelly and 3 orcs.

Vanquished Creatures
  Grinder (D:5)
  3 ogres (D:4)
  A centaur (D:5)
  A bullfrog zombie (D:5)
  A jelly (D:5)
  A hound (D:4)
  A bullfrog skeleton (D:4)
  An iguana (D:5)
  An orc wizard (D:6)
  A hound skeleton (D:4)
  4 gnolls (D:5)
  2 adders
  2 adder skeletons (D:4)
  2 worms
  3 leopard geckos
  An orc (D:6)
  A giant cockroach (D:1)
  4 goblins (D:1)
  5 hobgoblins
  A quokka (D:2)
  A bat (D:1)
  3 frilled lizards
  7 kobolds
  4 rats
52 creatures vanquished.

Notes
Turn   | Place    | Note
-------+----------+-------------------------------------------
     0 | D:1      | Flugslaktarn the Minotaur Fighter began the quest for the
                  | Orb.
     0 | D:1      | Reached XP level 1. HP: 19/19 MP: 0/0
   191 | D:1      | Reached XP level 2. HP: 18/27 MP: 1/1
   641 | D:3      | Reached XP level 3. HP: 33/33 MP: 2/2
   662 | D:4      | Noticed an ogre
   670 | D:4      | Killed an ogre
   670 | D:4      | Reached XP level 4. HP: 9/41 MP: 3/3
   717 | D:4      | Noticed a phantom
   969 | D:4      | Noticed an ogre
   976 | D:4      | HP: 1/41 [ogre/+0 giant club (17)]
   979 | D:4      | Killed an ogre
   979 | D:4      | Reached skill level 5 in Fighting
   979 | D:4      | Reached XP level 5. HP: 1/48 MP: 4/4
  1300 | D:4      | Noticed an ogre
  1307 | D:4      | Killed an ogre
  1307 | D:4      | Reached skill level 5 in Axes
  1307 | D:4      | Reached XP level 6. HP: 57/57 MP: 5/5
  1339 | D:4      | Found a staircase to the Ecumenical Temple.
  1380 | D:5      | Entered Level 5 of the Dungeon
  1397 | Temple   | Entered the Ecumenical Temple
  1580 | Temple   | Became a worshipper of Makhleb the Destroyer
  1648 | D:4      | Found Qupor's Distillery.
  1735 | D:4      | Found Qiuw's Antique Armour Shoppe.
  1749 | D:4      | Found Voyxar Kog's Magic Scroll Boutique.
  1770 | D:4      | Bought a scroll of enchant armour for 105 gold pieces
  1935 | D:4      | Found Igoaxig's Book Boutique.
  2013 | D:5      | Noticed Grinder
  2026 | D:5      | Killed Grinder
  2026 | D:5      | Reached skill level 5 in Armour
  2026 | D:5      | Reached skill level 5 in Shields
  2026 | D:5      | Reached skill level 1 in Invocations
  2026 | D:5      | Reached XP level 7. HP: 22/64 MP: 6/6
  2381 | D:5      | Found a runed translucent gate.
  2381 | D:5      | Found a runed translucent gate.
  2383 | D:5      | Found a runed translucent gate.
  2577 | D:5      | Noticed p0werm0de's ghost (novice MiFi)
  3193 | D:6      | Noticed a hornet
  3200 | D:6      | Paralysed by a hornet for 3 turns
  3205 | D:6      | Slain by a hornet

Illustrated notes

Levels and vault maps discovered:
D:1:      zelgadis_glass_arrival_small, layout_loops_corners
D:2:      layout_loops_cross, nicolae_dithmenos_through_a_glass_darkly
D:3:      layout_loops_ring, nicolae_overflow_hidden_temple
D:4:      layout_rooms, temple_pool_b, serial_shops, shop_scrolls,
          kennysheep_mini_moat, nicolae_shop_trees, shop
D:5:      layout_basic, gammafunk_ghost_necromancy, st_stairs_7, uniq_grinder
D:6:      layout_cave_pools, serial_shops, shop, ebering_ghost_sewer_f
Temple:   roderic_octagonal_lattice_temple

Skill      XL: |  1  2  3  4  5  6  7 |
---------------+----------------------+-----
Axes           | 3 4 5 6 |  6.4
Fighting       | 4 5 6 |  6.8
Armour         | 4 5 |  5.3
Shields        | 4 5 |  5.4
Invocations    | 1 |  1.7

Action                   |  1- 3 |  4- 6 |  7- 9 || total
-------------------------+-------+-------+-------++-------
Melee: War axe           |    48 |    56 |    39 ||   143
       Headbutt          |     8 |    10 |     7 ||    25
  Use: Potion            |       |     1 |     1 ||     2
       Scroll            |       |     7 |       ||     7
Armor: Scale mail        |    11 |    18 |    21 ||    50
Dodge: Dodged            |    11 |    24 |    14 ||    49
Block: Kite shield       |    27 |    24 |    28 ||    79

Table legend: (Time is in decaauts)
 A = Elapsed time spent in this place.
 B = Non-inter-level travel time spent in this place.
 C = Inter-level travel time spent in this place.
 D = Time resting spent in this place.
 E = Time spent auto-exploring this place.
 F = Levels seen in this place.
 G = Mean time per level.
                   A        B        C        D        E       F      G
               +--------+--------+--------+--------+--------+-----+--------+
         Total |   3261 |   3143 |    118 |    529 |   2139 |   7 |  465.9 |
       Dungeon |   3061 |   2978 |     83 |    529 |   1979 |   6 |  510.2 |
        Temple |    199 |    164 |     35 |      0 |    160 |   1 |  199.0 |
               +--------+--------+--------+--------+--------+-----+--------+

Top non-repeatable levels by time:
     D:5: 1218 daAuts
     D:4: 1091 daAuts
     D:1: 593 daAuts
  Temple: 199 daAuts
     D:3: 122 daAuts
     D:6: 20 daAuts
     D:2: 14 daAuts
